 Dungeon Crawl Stone Soup version 0.28-a0-1033-g1a2f33fa85 (webtiles) character file.

Game seed: 14515843907895736772

1789 siradein the Skirmisher (level 8, -3/71 HPs)
             Began as a Red Draconian Fighter on Dec 7, 2021.
             Was an Initiate of Makhleb.
             Slain by a gnoll sergeant (17 damage)
             ... on level 7 of the Dungeon.
             The game lasted 00:14:09 (9281 turns).

siradein the Skirmisher (Red Draconian Fighter)     Turns: 9281, Time: 00:14:09

Health: -3/71      AC:  8    Str: 21    XL:     8   Next: 82%
Magic:  10/10      EV: 13    Int:  9    God:    Makhleb [......]
Gold:   278        SH:  5    Dex: 10    Spells: 7/7 levels left

rFire   + . .      SeeInvis .   n - +1 flail (vorpal)
rCold   . . .      Faith    .   b - +0 buckler
rNeg    . . .      Spirit   .   (armour unavailable)
rPois   .          Reflect  .   (helmet restricted)
rElec   .          Harm     .   u - +0 cloak
rCorr   .          Rampage  .   (no gloves)
Will    .....                   l - +0 pair of boots
Stlth   +.........              k - amulet of magic regeneration
HPRegen 0.21/turn               (no ring)
MPRegen 0.52/turn               (no ring)

@: short of breath
A: breathe fire, AC +6, unfitting armour, fire resistance 1, cold-blooded
a: Breathe Fire, Renounce Religion


You were on level 7 of the Dungeon.
You worshipped Makhleb.
Makhleb was noncommittal.
You visited 2 branches of the dungeon, and saw 8 of its levels.

You collected 304 gold pieces.
You spent 26 gold pieces at shops.

Inventory:

Hand Weapons
 n - a +1 vorpal flail (weapon)
Armour
 b - a +0 buckler (worn)
 l - a +0 pair of boots (worn)
 u - a +0 cloak (worn)
Jewellery
 k - an amulet of magic regeneration (around neck)
Wands
 s - a wand of digging (7)
 t - a wand of flame (20)
 v - a wand of polymorph (11)
Scrolls
 a - a scroll of enchant weapon {unknown}
 e - a scroll of blinking {unknown}
 f - 3 scrolls of fog
 m - 2 scrolls of immolation
 o - a scroll of teleportation {unknown}
Potions
 c - 3 potions of might
 d - 5 potions of berserk rage {unknown}
 g - 3 potions of brilliance
 h - 2 potions of invisibility {unknown}
 i - 2 potions of magic {unknown}
 j - a potion of heal wounds {unknown}
 p - 2 potions of degeneration {unknown}
 q - a potion of attraction {unknown}
 r - 2 potions of mutation {unknown}
 w - a potion of curing {unknown}


   Skills:
 + Level 6.8 Fighting
 + Level 5.7 Maces & Flails
 + Level 5.7 Dodging
 + Level 6.3 Shields
 + Level 3.0 Invocations


You had 7 spell levels left.
You didn't know any spells.
Your spell library contained the following spells:

 Spells                   Type           Power      Damage    Failure   Level
 Summon Small Mammal      Summ           0%         N/A       38%         1
 Call Canine Familiar     Summ           0%         N/A       77%         3
 Summon Guardian Golem    Hex/Summ       0%         N/A       77%         3
 Malign Gateway           Summ/Tloc      0%         N/A       100%        7
 Summon Horrible Things   Summ           0%         N/A       100%        8


Dungeon Overview and Level Annotations

Branches:
Dungeon (7/15)             Temple (1/1) D:5

Altars:
Ashenzari
Cheibriados
Fedhas
Kikubaaqudgha
Makhleb
Nemelex Xobeh
Okawaru
Qazlal
Uskayaw
Vehumet
Xom
Zin

Shops:
D:2 ?   D:6 =?

Annotations:
D:6 2 runed translucent doors, horus123's ghost, novice OpBr


Innate Abilities, Weirdness & Mutations

You can breathe blasts of fire.
Your fiery red scales are hard. (AC +6)
You cannot fit into any form of body armour.
Your flesh is heat resistant. (rF+)
You are cold-blooded and may be slowed by cold attacks.


Message History

You have got your breath back.
Aiming: Breathe Fire (4% risk of failure)
Press: ? - help, Shift-Dir - straight line, f - gnoll sergeant
Aim: a gnoll sergeant, wielding a +6 trident of protection and wearing a +0 ring mail (lightly wounded)
You breathe a blast of fire.
The fiery breath hits the gnoll sergeant.
The gnoll sergeant is moderately wounded.
Things that are here:
a +0 club; a gnoll skeleton You have got your breath back.
Found 13 gold pieces.
You see here 18 stones.
Aiming: Breathe Fire (4% risk of failure)
Press: ? - help, Shift-Dir - straight line, f/p - gnoll sergeant
Aim: a gnoll sergeant, wielding a +6 trident of protection and wearing a +0 ring mail (moderately wounded)
You breathe a blast of fire.
The fiery breath hits the gnoll sergeant but does no damage.
The gnoll sergeant is moderately wounded.
The gnoll sergeant hits you with a +6 trident of protection!
You barely miss the gnoll sergeant.
The gnoll sergeant is moderately wounded.
The gnoll sergeant hits you with a +6 trident of protection!
You block the gnoll sergeant's attack.
You are too injured to fight recklessly!
You hit the gnoll sergeant.
You tail-slap the gnoll sergeant, but do no damage.
The gnoll sergeant is heavily wounded.
You block the gnoll sergeant's attack.
You hit the gnoll sergeant but do no damage.
The gnoll sergeant is heavily wounded.
The gnoll sergeant hits you with a +6 trident of protection!
You barely miss the gnoll sergeant.
You tail-slap the gnoll sergeant, but do no damage.
The gnoll sergeant is heavily wounded.
The gnoll sergeant hits you with a +6 trident of protection!
* * * LOW HITPOINT WARNING * * *
You thump the gnoll sergeant!
The gnoll sergeant is almost dead.
The gnoll sergeant hits you with a +6 trident of protection!
You die...

#..## #.....## #..### ##...##
#.....#####......# #.....###
##....gg....######
#..#....####.######....#####.
##.####)....)..# ###.......# #
#.g# ##....#..# #g......#
###..#####...##..### #......##
>...........####...#####......#
.............##.@..<.......##.#
...#######..g##.g.#.....#......#
.### ##...#..####..#####.### .#
#......# #..## .# .#
#......°.#..## # ##
#....####..... . ......# #.....
.............# .......
...........$.. .....#


You could see a gnoll sergeant.

Vanquished Creatures
  Edmund (D:4)
  A water moccasin (D:6)
  2 sky beasts
  A black bear (D:5)
  2 ogres
  3 ice beasts (D:6)
  Blork the orc (D:4)
  A water moccasin skeleton (D:6)
  2 orc priests
  2 hounds (D:5)
  2 jellies (D:4)
  Crazy Yiuf (D:2)
  A centaur skeleton (D:7)
  Natasha (thrice) (D:4)
  3 orc wizards
  Terence (D:2)
  A hound skeleton (D:4)
  A howler monkey zombie (D:7)
  7 gnolls
  11 adders
  A shadow imp (D:6)
  An adder skeleton (D:4)
  4 worms
  2 dart slugs
  24 orcs
  3 endoplasms
  A giant cockroach (D:4)
  7 goblins
  3 hobgoblins
  9 jackals
  8 kobolds
  5 quokkas
  7 ball pythons
  3 bats
  6 frilled lizards
  11 rats
142 creatures vanquished.

Notes
Turn   | Place    | Note
-------+----------+-------------------------------------------
     0 | D:1      | siradein the Draconian Fighter began the quest for the Orb.
     0 | D:1      | Reached XP level 1. HP: 19/19 MP: 1/1
   309 | D:1      | Reached XP level 2. HP: 22/26 MP: 2/2
  1413 | D:2      | Reached XP level 3. HP: 30/31 MP: 3/3
  1638 | D:2      | Found a runed translucent door.
  1644 | D:2      | Noticed Crazy Yiuf
  1959 | D:2      | Noticed Terence
  2039 | D:2      | Found Masm's Magic Scroll Shop.
  2043 | D:2      | Bought a scroll of identify for 26 gold pieces
  2292 | D:3      | Noticed a sky beast
  2338 | D:2      | Killed a sky beast
  2339 | D:2      | Reached XP level 4. HP: 15/40 MP: 4/4
  2339 | D:2      | Reached XP level 5. HP: 17/46 MP: 5/5
  2761 | D:3      | Found a faded altar of an unknown god.
  2855 | D:3      | Found a radiant altar of Vehumet.
  4252 | D:4      | Noticed Blork the orc
  4271 | D:4      | Killed Blork the orc
  4272 | D:4      | Reached XP level 6. HP: 12/53 MP: 6/6
  4644 | D:4      | Found a blossoming altar of Fedhas.
  5014 | D:4      | Reached skill level 5 in Fighting
  5062 | D:4      | HP: 1/56 [gnoll (4)]
  5453 | D:4      | Noticed Edmund
  5477 | D:4      | Killed Edmund
  5478 | D:4      | Your scales start taking on a fiery red colour.
  5478 | D:4      | Reached XP level 7. HP: 48/61 MP: 7/7
  5478 | D:4      | Gained mutation: Your flesh is heat resistant. (rF+) [Red
                  | Draconian growth]
  5592 | D:4      | Noticed Natasha
  5605 | D:4      | Killed Natasha
  5732 | D:4      | Noticed Natasha
  5754 | D:4      | Killed Natasha
  5755 | D:4      | Reached skill level 5 in Shields
  5940 | D:4      | Noticed Natasha
  5941 | D:4      | Killed Natasha
  6108 | D:5      | Entered Level 5 of the Dungeon
  6758 | D:5      | Reached skill level 5 in Dodging
  6815 | D:5      | Found a staircase to the Ecumenical Temple.
  6825 | Temple   | Entered the Ecumenical Temple
  6889 | Temple   | Became a worshipper of Makhleb the Destroyer
  7028 | D:6      | Reached skill level 5 in Maces & Flails
  7028 | D:6      | Reached XP level 8. HP: 70/70 MP: 8/8
  7055 | D:6      | Found a runed translucent door.
  7074 | D:6      | Reached skill level 1 in Invocations
  7113 | D:6      | Noticed horus123's ghost (novice OpBr)
  7298 | D:6      | Found Lesuudoh's Magic Scroll Shoppe.
  7330 | D:6      | Found a sparkling altar of Nemelex Xobeh.
  7778 | D:6      | Found Voliso Utask's Jewellery Shoppe.
  7866 | D:6      | Found a runed translucent door.
  7887 | D:6      | Found a snail-covered altar of Cheibriados.
  8274 | D:2      | Killed Crazy Yiuf
  8612 | D:2      | Killed Terence
  8728 | D:7      | Found a shimmering altar of Xom.
  8731 | D:7      | Found a hide-covered altar of Uskayaw.
  9281 | D:7      | Slain by a gnoll sergeant

Illustrated notes

Levels and vault maps discovered:
D:1:      co_arrival_random_square_maze, layout_loops_ring, minmay_quantized
D:2:      layout_basic, serial_shops, shop, minmay_rat_gold_closets,
          uniq_crazy_yiuf_cottage, uniq_terence
D:3:      layout_loops_cross, nicolae_vehumet_radiance, basic_ecumenical_altar,
          chequers_serial_rivers_micro_a
D:4:      layout_loops_corners, minmay_ruined_shrine, uniq_blork_the_orc,
          uniq_edmund, uniq_natasha
D:5:      layout_loops_ring, temple_hall
D:6:      layout_rooms, slow_altar_2, mainiacjoe_overflow_paths,
          ebering_ghost_sewer_f, serial_shops, nicolae_shop_stone,
          nicolae_take_the_stairs, chequers_serial_rivers_micro_b
D:7:      layout_layer_cave, mainiacjoe_overflow_chevrons,
          nicolae_overflow_hidden_temple, trog_book, nicolae_alphabet_shops
Temple:   dpeg_chambers_temple

Skill      XL: |  1  2  3  4  5  6  7  8 |
---------------+-------------------------+-----
Dodging        | 3 4 5 |  5.7
Fighting       | 4 5 6 |  6.8
Maces & Flails | 3 4 5 |  5.7
Shields        | 4 5 6 |  6.3
Invocations    | 3 |  3.0

Action                   |  1- 3 |  4- 6 |  7- 9 || total
-------------------------+-------+-------+-------++-------
Melee: Flail             |   126 |   163 |   147 ||   436
       Tailslap          |     8 |    15 |    17 ||    40
       Unarmed           |     1 |       |       ||     1
Throw: Dart              |     5 |    10 |       ||    15
 Abil: Breathe Fire      |       |       |    25 ||    25
  Use: Scroll            |     2 |     1 |     1 ||     4
 Stab: Sleeping          |     4 |     1 |       ||     5
Armor: Skin              |    38 |    39 |    49 ||   126
Dodge: Dodged            |    69 |    92 |    73 ||   234
Block: Buckler           |    21 |    25 |    35 ||    81

Table legend: (Time is in decaauts)
 A = Elapsed time spent in this place.
 B = Non-inter-level travel time spent in this place.
 C = Inter-level travel time spent in this place.
 D = Time resting spent in this place.
 E = Time spent auto-exploring this place.
 F = Levels seen in this place.
 G = Mean time per level.
                   A        B        C        D        E       F      G
               +--------+--------+--------+--------+--------+-----+--------+
         Total |   9393 |   8925 |    468 |   1453 |   5819 |   8 | 1174.1 |
       Dungeon |   9308 |   8861 |    447 |   1453 |   5770 |   7 | 1329.7 |
        Temple |     85 |     64 |     21 |      0 |     49 |   1 |   85.0 |
               +--------+--------+--------+--------+--------+-----+--------+

Top non-repeatable levels by time:
     D:2: 2566 daAuts
     D:4: 2048 daAuts
     D:6: 1364 daAuts
     D:1: 1203 daAuts
     D:3: 924 daAuts
     D:5: 832 daAuts
     D:7: 367 daAuts
  Temple: 85 daAuts
